 Dungeon Crawl Stone Soup version 0.20-a0-991-g93344ec (webtiles) character file.

10566 HankScorpio the Cleaver (level 11, -13/104 HPs)
             Began as a Hill Orc Monk on Apr 10, 2017.
             Was an Elder of Beogh.
             Killed from afar by a war gargoyle (30 damage)
             ... with a spray of metal splinters
             ... on level 11 of the Dungeon.
             The game lasted 00:30:49 (14376 turns).

HankScorpio the Cleaver (Hill Orc Monk)            Turns: 14376, Time: 00:30:49

Health: -13/104    AC:  8    Str: 18    XL:     11   Next: 64%
Magic:  0/27       EV: 12    Int: 10    God:    Beogh [****..]
Gold:   536        SH:  0    Dex: 13    Spells: 10/10 levels left

rFire    . . .     SeeInvis .   E - +0 battleaxe
rCold    + . .     Gourm    .   (shield currently unavailable)
rNeg     . . .     Faith    .   N - +0 ring mail
rPois    .         Spirit   +   (no helmet)
rElec    .         Reflect  .   q - +0 cloak
rCorr    .         Harm     .   (no gloves)
MR       .....                  (no boots)
Stlth    ++........             k - amulet of guardian spirit
Regen    0.3/turn               e - ring of magical power
MPRegen  0.2/turn               y - ring of protection from cold

@: exhausted, slowed, very slow
A: no striking features
a: Smiting, Recall Orcish Followers, Renounce Religion


You were on level 11 of the Dungeon.
You worshipped Beogh.
Beogh was greatly pleased with you.
You were not hungry.

You visited 1 branch of the dungeon, and saw 11 of its levels.
You also visited: Ossuary.

You collected 536 gold pieces.

Inventory:

Hand Weapons
 a - a +4 short sword
 b - a +1 hunting sling of velocity
 D - a +2 flail
 E - a +0 battleaxe (weapon)
Missiles
 h - 334 stones (quivered)
 n - 8 javelins of penetration
Armour
 i - a +0 shield
 o - a +0 chain mail
 q - a +0 cloak (worn)
 H - +0 steam dragon scales
 N - a +0 ring mail (worn)
Magical Staves
 P - an uncursed staff of death {unknown}
Jewellery
 e - a ring of magical power (left hand)
 k - an amulet of guardian spirit (around neck)
 l - an uncursed ring of positive energy
 y - a ring of protection from cold (right hand)
Wands
 d - a wand of lightning (0/15)
 B - a wand of clouds (1/9)
 M - a wand of random effects (33/48)
Scrolls
 c - 2 scrolls of immolation {unknown}
 j - 8 scrolls of remove curse
 r - 2 scrolls of enchant armour
 u - 3 scrolls of teleportation
 v - a scroll of identify
 F - 4 scrolls of amnesia {unknown}
 K - a scroll of enchant weapon {unknown}
 L - a scroll of random uselessness {unknown}
 O - a scroll of fog {unknown}
 R - a scroll of blinking {unknown}
Potions
 f - a potion of degeneration
 p - 3 potions of haste
 s - 2 potions of might
 t - 2 potions of lignification
 x - a potion of agility
 A - a potion of brilliance
 G - 3 potions of flight
 J - a potion of cancellation
 Q - a potion of invisibility {unknown}
Books
 C - a book of Changes

   Spells                             Type                      Level
   a - Beastly Appendage              Transmutation                1
   b - Sticks to Snakes               Transmutation                2
   c - Spider Form                    Transmutation/Poison         3
   d - Ice Form                       Ice/Transmutation            4
   e - Blade Hands                    Transmutation                5
Comestibles
 g - 5 bread rations
 w - 7 fruits
 z - 9 royal jellies
 I - 2 meat rations


   Skills:
 - Level 11.7 Fighting
 * Level 12.1 Axes
 - Level 10.2 Armour
 - Level 3.2 Dodging
 - Level 3.2 Stealth
 + Level 10.3 Invocations


You had 10 spell levels left.
You didn't know any spells.

Dungeon Overview and Level Annotations

Branches:
Dungeon (11/15)            Temple (0/1) D:4            Lair (0/6) D:10
    Orc (0/2) D:11

Altars:
Dithmenos
Fedhas
Makhleb
Sif Muna
Yredelemnul
The Shining One

Shops:
D:11 (

Annotations:
D:4 Jraekied's ghost, novice BuSk
D:7 Joseph
D:10 Fannar


Message History

Your orc knight hits the tengu reaver with a short sword!
A battlesphere comes into view.
The centaur shouts!
Your orc priest looks braver for a moment.
The flayed ghost closely misses you.
You swap places.
You feel a strong urge to attack something.
Your orc knight hits the tengu reaver but does no damage.
You see here 5 large rocks.
You swap places.
Something barely misses your orc priest.
Your orc priest hits the tengu reaver but does no damage.
The tengu reaver hits your orc priest with a dire flail of holy wrath!!
The tengu reaver pecks your orc priest. The tengu reaver claws your orc priest.
You feel your anger subside.
You are no longer berserk.
You are exhausted.
You feel yourself slow down.
The war gargoyle launches metal splinters at you.
The spray of metal splinters hits you!
You die...

#.# #.# #.# #.# #.# #.#
#.# #.# #.# #.# ..
#####.###.##
....#########....#.o.)..
#.............##.##.###
#.####@######.#####.#
###.## #.# #.# #H9Qo##
#.# #.# #*##o.# #.#
#.### ..(ctOW..# #.#
#.... ###.###..# #.#
##### .. #..# #.# .#
#.## #.######### .# ..#
#..........


You could see a tengu reaver, a war gargoyle, a crocodile, a centaur, a
battlesphere, a friendly orc knight and a friendly orc priest.

Vanquished Creatures
  A centaur warrior (D:10)
  2 two-headed ogres
  A cyclops (D:11)
  A komodo dragon (D:10)
  A troll (D:9)
  Grinder (D:3)
  Sigmund (D:2)
  4 steam dragons
  4 hogs (D:7)
  A human (D:7)
  An acid dragon (D:9)
  Duvessa (D:3)
  2 water moccasins
  A black bear (D:9)
  2 orc warriors
  An eye of draining (D:9)
  3 ice beasts
  6 ogres
  3 sky beasts
  2 phantoms
  2 necrophages
  4 centaurs
  4 bullfrogs
  2 water moccasin zombies (Ossuary)
  A wyvern skeleton (D:7)
  Dowan (D:4)
  4 scorpions
  5 killer bees
  5 wights (D:6)
  2 crimson imps
  A bullfrog zombie (D:9)
  3 centaur zombies
  6 hounds
  4 orc priests
  5 orc wizards
  2 bullfrog skeletons
  2 iguanas
  Ijyb (D:4)
  8 worker ants
  6 big kobold zombies (Ossuary)
  2 mummies (Ossuary)
  A worker ant zombie (D:9)
  14 adders
  An ooze (D:7)
  An adder skeleton (D:9)
  7 adder zombies
  3 worms
  2 dart slugs (D:2)
  6 leopard geckos
  12 orcs
  A ball python (D:5)
  4 giant cockroaches
  2 gnoll zombies (Ossuary)
  3 goblins
  7 hobgoblins
  4 jackals (D:6)
  5 quokkas
  3 bats
  A frilled lizard (D:2)
  A goblin zombie (D:7)
  4 hobgoblin zombies (Ossuary)
  6 kobolds
  7 kobold zombies (Ossuary)
  4 orc zombies (Ossuary)
  6 rats
  A spectral orc (D:5)
  4 plants (D:10)
219 creatures vanquished.

Vanquished Creatures (collateral kills)
  A deep elf mage (D:10)
  An orc knight (D:11)
  A troll (D:9)
  An orc warrior (D:11)
  An ogre (D:9)
  2 centaurs
  A killer bee (D:10)
  A howler monkey (D:10)
  A quasit (D:11)
  A bullfrog skeleton (D:9)
  A hound (D:9)
  A hound skeleton (D:9)
  An adder (D:9)
  An orc (D:11)
15 creatures vanquished.

Vanquished Creatures (others)
  An orc warrior (D:9)
  An ogre (D:4)
  2 orc wizards (D:9)
  3 orc priests
  14 orcs
  3 plants (D:10)
24 creatures vanquished.

Grand Total: 258 creatures vanquished

Notes
Turn   | Place    | Note
-------+----------+-------------------------------------------
     0 | D:1      | HankScorpio the Hill Orc Monk began the quest for the Orb.
     0 | D:1      | Reached XP level 1. HP: 22/22 MP: 1/1
   452 | D:1      | Reached skill level 5 in Fighting
   514 | D:1      | Reached skill level 1 in Armour
   514 | D:1      | Reached XP level 2. HP: 18/29 MP: 2/2
  1072 | D:2      | Reached XP level 3. HP: 11/36 MP: 3/3
  1279 | D:2      | Found a deep blue altar of Sif Muna.
  1339 | D:2      | Found a burning altar of Makhleb.
  1391 | D:2      | Reached XP level 4. HP: 36/44 MP: 4/4
  1607 | D:2      | Noticed Sigmund
  1620 | D:2      | Killed Sigmund
  1620 | D:2      | Reached XP level 5. HP: 17/51 MP: 5/5
  1620 | D:2      | Reached XP level 6. HP: 19/58 MP: 6/6
  2619 | D:3      | Noticed Grinder
  2632 | D:3      | Paralysed by Grinder for 6 turns
  2639 | D:3      | Killed Grinder
  2639 | D:3      | Reached skill level 5 in Armour
  2639 | D:3      | Reached XP level 7. HP: 30/67 MP: 7/7
  2852 | D:4      | Became a worshipper of Beogh the Brigand
  2852 | D:4      | Reached * piety under Beogh
  2852 | D:4      | Reached ** piety under Beogh
  2863 | D:4      | Noticed Jraekied's ghost (novice BuSk)
  2947 | D:4      | Noticed Duvessa
  2947 | D:4      | Noticed Dowan
  3179 | D:4      | Killed Dowan
  3613 | D:3      | Killed Duvessa
  3719 | D:4      | Reached skill level 1 in Invocations
  3719 | D:4      | Reached XP level 8. HP: 77/77 MP: 7/9
  3794 | D:4      | Found a glowing golden altar of the Shining One.
  3992 | D:4      | Noticed Ijyb
  4018 | D:4      | Killed Ijyb
  4316 | D:4      | Found a staircase to the Ecumenical Temple.
  4399 | D:5      | Entered Level 5 of the Dungeon
  4543 | D:5      | Found a shadowy altar of Dithmenos.
  5093 | D:5      | Found a basalt altar of Yredelemnul.
  5189 | D:6      | Found a blossoming altar of Fedhas.
  5313 | D:6      | Reached skill level 5 in Invocations
  5324 | D:6      | Reached skill level 10 in Fighting
  5324 | D:6      | Reached XP level 9. HP: 62/85 MP: 12/12
  5725 | D:6      | Reached skill level 2 in Axes
  6345 | D:6      | Reached skill level 3 in Axes
  7360 | D:6      | Reached skill level 4 in Axes
  7536 | D:7      | Reached skill level 5 in Axes
  7547 | D:7      | Reached skill level 6 in Axes
  7677 | D:7      | Reached XP level 10. HP: 60/94 MP: 15/15
  7712 | D:7      | Found a sand-covered staircase.
  7727 | Ossuary  | Entered an ossuary
  7749 | Ossuary  | Reached *** piety under Beogh
  7952 | Ossuary  | Reached skill level 7 in Axes
  8546 | D:8      | Noticed Joseph
  9685 | D:9      | Reached skill level 8 in Axes
 10417 | D:9      | HP: 4/95 [steam dragon/ball of steam (8)]
 10982 | D:9      | Reached skill level 9 in Axes
 11082 | D:10     | Entered Level 10 of the Dungeon
 11092 | D:10     | Noticed a deep elf mage
 11099 | D:10     | Killed a deep elf mage
 11137 | D:10     | Found a staircase to the Lair.
 11172 | D:10     | Reached skill level 10 in Armour
 11172 | D:10     | Reached XP level 11. HP: 27/103 MP: 1/17
 11615 | D:10     | Noticed Fannar
 12540 | D:10     | Noticed a two-headed ogre
 12565 | D:10     | Reached skill level 10 in Axes
 13218 | D:10     | Killed a two-headed ogre
 13672 | D:10     | Noticed a centaur warrior
 13684 | D:10     | Killed a centaur warrior
 13684 | D:10     | Reached skill level 11 in Axes
 13966 | D:11     | Noticed a two-headed ogre
 13977 | D:11     | Killed a two-headed ogre
 14044 | D:11     | Found a staircase to the Orcish Mines.
 14050 | D:11     | Reached skill level 10 in Invocations
 14051 | D:11     | Found Gelyura's Weapon Boutique.
 14051 | D:11     | Noticed an orc knight
 14058 | D:11     | Killed an orc knight
 14354 | D:11     | Noticed a cyclops
 14359 | D:11     | Noticed a tengu reaver
 14360 | D:11     | Noticed a two-headed ogre
 14361 | D:11     | Killed a cyclops
 14361 | D:11     | Reached **** piety under Beogh
 14361 | D:11     | Reached skill level 12 in Axes
 14368 | D:11     | Noticed a flayed ghost
 14370 | D:11     | Noticed a war gargoyle
 14376 | D:11     | Killed from afar by a war gargoyle

Vault maps used:
D:1:      sevenhm_arrival_forest_fort_small_6
D:2:      lemuel_doored_altar, serial_bayou_pond_c, makhleb_heckhound_becter,
          uniq_sigmund
D:3:      uniq_grinder
D:4:      wad_crossroads, nicolae_tso_swordbearing_angel,
          lemuel_temple_firewalk_b, first_bread, uniq_iyjb, uniq_duvessa
D:5:      yredelemnul_forgotten_temple_becter, minmay_misc_feat_rows,
          nicolae_dithmenos_through_a_glass_darkly
D:6:      nicolae_overflow_crystal_walls, hangedman_abyss_or_decor_stagger,
          minivault_14
D:7:      enter_ossuary_3, grunt_livestock
D:8:      nicolae_overflow_hidden_temple, uniq_joseph
D:9:      cheibrodos_steamvent
D:10:     david_lair_shrubbed, uniq_fannar
D:11:     orc_david_3, minmay_the_grid_square_5x5_3x3_mashed
Ossuary:  ossuary_tomb_2

Skill      XL: |  1  2  3  4  5  6  7  8  9 10 11 |
---------------+----------------------------------+-----
Fighting       | 5 6 7 8 10 11 | 11.7
Armour         | 1 2 4 5 6 7 9 10 | 10.2
Invocations    | 1 5 7 8 10 | 10.3
Axes           | 6 9 12 | 12.1
Dodging        | |  3.2
Stealth        | |  3.2

Action                   |  1- 3 |  4- 6 |  7- 9 | 10-12 || total
-------------------------+-------+-------+-------+-------++-------
Melee: Unarmed           |    56 |       |       |       ||    56
       Short sword       |    30 |   113 |   322 |       ||   465
       Battleaxe         |       |       |   180 |   533 ||   713
       Flail             |       |       |    20 |       ||    20
 Fire: Hunting sling     |     7 |       |       |       ||     7
Invok: Smiting           |       |       |     5 |     7 ||    12
       Convert to Beogh  |       |       |     1 |       ||     1
  Use: Scroll            |       |       |     7 |    10 ||    17
       Potion            |       |       |       |     9 ||     9
 Stab: Sleeping          |     3 |       |       |       ||     3
       Distracted        |       |       |       |     2 ||     2
  Eat: Chunk             |     1 |     5 |     8 |     5 ||    19
       Bread ration      |       |       |     2 |     4 ||     6
Armor: Robe              |     6 |       |       |       ||     6
       Ring mail         |    11 |     3 |       |    84 ||    98
       Chain mail        |       |    44 |   315 |   213 ||   572
Dodge: Dodged            |    56 |    55 |   240 |   317 ||   668
